 Dungeon Crawl Stone Soup version 0.23-a0-650-ga4d50d4 (webtiles) character file.

20 Borgoz the Grave Robber (level 2, -3/20 HPs)
             Began as a Gnoll Necromancer on Jan 2, 2019.
             Slain by Natasha (8 damage)
             ... on level 2 of the Dungeon.
             The game lasted 00:03:21 (1211 turns).

Borgoz the Grave Robber (Gnoll Necromancer)         Turns: 1211, Time: 00:03:21

Health: -3/20      AC:  6    Str: 15    XL:     2   Next: 79%
Magic:  16/16      EV: 10    Int: 22    God:
Gold:   28         SH:  0    Dex: 15    Spells: 9/10 levels left

rFire    . . .     SeeInvis .   f - +2 dagger (elec)
rCold    . . .     Gourm    .   (no shield)
rNeg     . . .     Faith    .   g - +1 ring mail
rPois    .         Spirit   .   (no helmet)
rElec    .         Reflect  .   (no cloak)
rCorr    .         Harm     .   (no gloves)
MR       .....                  (no boots)
Stlth    ++........             (no amulet)
HPRegen  0.06/turn              d - ring of magical power
MPRegen  0.15/turn              k - -3 ring of evasion (curse)

@: mighty, brilliant
A: distributed training, fangs 1, strong nose
a: no special abilities


You were on level 2 of the Dungeon.
You were not hungry.

You visited 1 branch of the dungeon, and saw 2 of its levels.

You collected 28 gold pieces.

Inventory:

Hand Weapons
 f - a +2 dagger of electrocution (weapon)
Armour
 a - a +0 robe
 g - a +1 ring mail (worn)
Jewellery
 d - a ring of magical power (left hand)
 k - a cursed -3 ring of evasion (right hand)
Scrolls
 e - a scroll of identify {unknown}
 h - a scroll of blinking
Comestibles
 c - 3 rations


   Skills:
 + Level 0.5 Fighting
 + Level 0.5 Short Blades
 + Level 0.5 Long Blades
 + Level 0.5 Axes
 + Level 0.5 Maces & Flails
 + Level 0.5 Polearms
 + Level 0.5 Staves
 + Level 0.5 Slings
 + Level 0.5 Bows
 + Level 0.5 Crossbows
 + Level 0.5 Throwing
 + Level 0.5 Armour
 + Level 4.5 Dodging
 + Level 4.1 Stealth
 + Level 0.5 Shields
 + Level 0.5 Unarmed Combat
 + Level 4.9 Spellcasting
 + Level 0.3 Conjurations
 + Level 0.3 Hexes
 + Level 0.3 Charms
 + Level 0.3 Summonings
 + Level 7.0 Necromancy
 + Level 0.3 Translocations
 + Level 0.3 Transmutations
 + Level 0.3 Fire Magic
 + Level 0.3 Ice Magic
 + Level 0.3 Air Magic
 + Level 0.3 Earth Magic
 + Level 0.3 Poison Magic
 + Level 0.6 Invocations
 + Level 0.5 Evocations


You had 9 spell levels left.
You knew the following spells:

 Your Spells              Type           Power        Failure   Level  Hunger
a - Pain                  Necr           ####         1%          1    None

Your spell library contained the following spells:

 Spells                   Type           Power        Failure   Level  Hunger
 Animate Skeleton         Necr           N/A          1%          1    None
 Regeneration             Chrm/Necr      #####.....   1%          3    ##.....
 Vampiric Draining        Necr           #####.....   1%          3    ##.....
 Animate Dead             Necr           N/A          1%          4    ####...


Dungeon Overview and Level Annotations

Branches:
Dungeon (2/15)

Altars:

Annotations:
D:2 Natasha


Innate Abilities, Weirdness & Mutations

Your experience applies equally to all skills.
You have very sharp teeth.
Your uncanny sense of smell can sniff out nearby items.


Message History

Natasha claws you!
You closely miss Natasha. You bite Natasha, but do no damage.
Natasha mewls in sadness.
Natasha stares at you and mumbles some strange words.
The magic dart hits you!
* * * LOW HITPOINT WARNING * * *
You are too injured to fight recklessly!
You are too injured to fight recklessly!
Okay, then.
You closely miss Natasha.
Natasha casts a spell.
It was a potion of brilliance.
You feel clever all of a sudden.
Natasha mumbles some strange words.
You feel disoriented. Natasha claws you but does no damage.
It was a potion of might.
You feel very mighty all of a sudden. Natasha claws you!
You die...

#.... #... ....
#.. #5. #r# #h#
#@# ########.####
##..^..#.....##
##.............##
#...............#
#...............#
#...............#
#.........<.)...#
#......<..(.....#


You could see an iron imp, Natasha and a rat.

Vanquished Creatures
  2 bats (D:1)
  A giant cockroach (D:1)
  A goblin (D:2)
  5 hobgoblins (D:1)
  6 kobolds (D:1)
  A frilled lizard (D:1)
  2 rats (D:1)
18 creatures vanquished.

Notes
Turn   | Place    | Note
-------+----------+-------------------------------------------
     0 | D:1      | Borgoz the Gnoll Necromancer began the quest for the Orb.
     0 | D:1      | Reached XP level 1. HP: 13/13 MP: 6/6
   437 | D:1      | Reached XP level 2. HP: 19/19 MP: 7/7
  1203 | D:2      | Noticed Natasha
  1211 | D:2      | Slain by Natasha

Vault maps used:
D:1:      psy_arrival_radial01
D:2:      st_stairs_6, uniq_natasha, uniq_robin, uniq_sigmund, uniq_jessica

Action                   || total
-------------------------++-------
Melee: Dagger            ||    53
       Bite              ||     5
 Cast: Pain              ||     3
  Use: Scroll            ||     2
       Potion            ||     2
 Stab: Sleeping          ||     4
  Eat: Chunk             ||     1
Armor: Ring mail         ||    14
Dodge: Dodged            ||    24

Table legend:
 A = Non-vault XP
 B = Vault XP
 C = Vault XP percentage of total XP
 D = Non-vault monster count
 E = Vault monster count
 F = Vault count percentage of total count
                 A         B        C        D         E       F
            +---------+---------+-------+---------+---------+-------
      Total |      29 |       0 |   0.0 |      18 |       0 |   0.0
            +---------+---------+-------+---------+---------+-------
        D:1 |      27 |       0 |   0.0 |      17 |       0 |   0.0
        D:2 |       2 |       0 |   0.0 |       1 |       0 |   0.0
            +---------+---------+-------+---------+---------+-------
